 Dungeon Crawl Stone Soup version 0.28-a0-1567-g1695149f81 (webtiles) character file.

Game seed: 475105053867002697

2482 horus123 the Jinx (level 9, -8/45 HPs)
             Began as a Deep Elf Conjurer on Jan 19, 2022.
             Was an Initiate of Qazlal.
             Killed by divine providence
             ... invoked by an orc priest
              (9 damage)
             ... on level 6 of the Dungeon.
             The game lasted 00:15:33 (8549 turns).

horus123 the Jinx (Deep Elf Conjurer)               Turns: 8549, Time: 00:15:33

Health: -8/45      AC: 12    Str:  4    XL:     9   Next: 27%
Magic:  24/24      EV: 13    Int: 28    God:    Qazlal [......]
Gold:   312        SH:  0    Dex: 19    Spells: 11/26 levels left

rFire   + . .      SeeInvis .   m - +2 scimitar of the Dragonfly {flame, rF+ Dex+6}
rCold   . . .      Faith    .   (no shield)
rNeg    . . .      Spirit   .   a - +1 robe
rPois   .          Reflect  .   (no helmet)
rElec   .          Harm     .   e - +2 cloak
rCorr   .          Rampage  .   p - +0 pair of gloves
Will    .....                   j - +0 pair of boots
Stlth   ++........              (no amulet)
HPRegen 0.15/turn               k - +4 ring of protection
MPRegen 0.19/turn               r - ring of flight

@: flying
A: no striking features
a: Renounce Religion


You were on level 6 of the Dungeon.
You worshipped Qazlal.
Qazlal was noncommittal.
You visited 2 branches of the dungeon, and saw 7 of its levels.

You collected 312 gold pieces.

Inventory:

Hand Weapons
 m - the +2 scimitar of the Dragonfly (weapon) {flame, rF+ Dex+6}
   (You found it on level 4 of the Dungeon)

   It burns those it strikes, dealing additional fire damage.
   Big, fiery blades are also staple armaments of hydra-hunters.
   Dex:       It affects your dexterity (+6).
   rF:        It protects you from fire.
Missiles
 f - 3 curare-tipped darts
Armour
 a - a +1 robe (worn)
 e - a +2 cloak (worn)
 j - a +0 pair of boots (worn)
 p - a +0 pair of gloves (worn)
Jewellery
 k - a +4 ring of protection (left hand)
 r - a ring of flight (right hand)
Wands
 d - a wand of charming (8)
 o - a wand of digging (7)
Scrolls
 b - a scroll of brand weapon
 c - 3 scrolls of vulnerability
 t - a scroll of enchant weapon
 u - a scroll of teleportation {unknown}
Potions
 g - a potion of resistance {unknown}
 h - a potion of curing {unknown}
 i - 3 potions of invisibility
 l - 2 potions of heal wounds {unknown}
 n - a potion of haste
 q - 2 potions of mutation {unknown}
 s - a potion of brilliance {unknown}


   Skills:
 - Level 2.4 Dodging
 - Level 2.4 Stealth
 - Level 9.0 Spellcasting
 - Level 8.4 Conjurations
 + Level 9.2 Hexes
 - Level 5.1 Translocations


You had 11 spell levels left.
You knew the following spells:

 Your Spells              Type           Power      Damage    Failure   Level
a - Magic Dart            Conj           100%       1d8       1%          1
b - Searing Ray           Conj           100%       2d8       1%          2
c - Tukima's Dance        Hex            59%        N/A       1%          3
d - Iskenderun's Mystic   Conj/Tloc      50%        2d11      2%          4
e - Yara's Violent Unrav  Hex/Tmut       19%        3d9       19%         5

Your spell library contained the following spells:

 Spells                   Type           Power      Damage    Failure   Level
 Dazzling Flash           Conj/Hex       100%       N/A       1%          3
 Fulminant Prism          Conj/Hex       29%        3d14      1%          4
 Passage of Golubria      Tloc           41%        N/A       5%          4
 Summon Forest            Summ/Tloc      13%        N/A       41%         5
 Eringya's Noxious Bog    Tmut/Pois      6%         N/A       100%        6
 Summon Hydra             Summ           6%         N/A       100%        7


Dungeon Overview and Level Annotations

Branches:
Dungeon (6/15)             Temple (1/1) D:5

Altars:
Ashenzari
Cheibriados
Dithmenos
Fedhas
Gozag
Hepliaklqana
Makhleb
Nemelex Xobeh
Okawaru
Qazlal
Ru
Sif Muna
Trog
Uskayaw
Wu Jian
Xom
Zin
The Shining One


Message History

An orc comes into view. It is wielding a +0 flail.
The orc shouts!
The orc barely misses you.
You barely miss the orc. The orc closely misses you.
You hit the orc. You burn the orc.
You kill the orc!
Qazlal accepts your kill.
The angel lectures the ground at length about proper burial practice.
The orc priest miscasts a cantrip.
The orc priest mumbles some strange prayers to Beogh against you.
Beogh smites you!
You see here a +0 whip.
The orc hits you but does no damage. The orc priest closely misses you.
You hit the orc priest. You burn the orc priest.
The orc priest is heavily wounded.
The angel lectures the ground at length about the sacred Law of Zin.
The orc hits you with a +0 flail! The orc priest closely misses you.
You hit the orc priest. You burn the orc priest.
The orc priest is almost dead.
The orc priest hits you but does no damage.
You barely miss the orc priest.
The orc priest is almost dead.
The orc warrior hits you with a +0 long sword.
The orc warrior hits you with a +0 long sword!
The orc priest misses you.
You are too injured to fight recklessly!
You are too injured to fight recklessly!
Unknown command.
You see here a +0 whip.
The orc priest looks encouraged for a moment.
There is an open door here.
The angel stares off into space for a moment.
The angel barely misses itself.
The angel hits itself with a +2 sacred scourge of holy wrath.
The orc priest invokes the aid of Beogh against you.
Beogh smites you!
* * * LOW HITPOINT WARNING * * *
The orc priest mumbles some strange prayers to Beogh against you.
Beogh smites you!
You die...

.......##'###...##....
########...###'###..<.
#..........'..... ...
#..........#..... ....
#..........##.... ...##+##
##'##############
#.....########..####...##....
#.....#.........#......#.....
#.....#...oo@...#......#.....
#.....#.........#......#.....
#.....o.........#......#.....
#........###....##.....##...#
#...._.....#######.....##...#
#..#####...# #<.........#
##.)#...#...+ #..........#
#...#...#...# #..........#
#...#...#...# #.....##...#


You could see an orc warrior, an orc priest and an orc.

Vanquished Creatures
  Menkaure (D:6)
  3 water moccasins
  2 ice beasts (D:6)
  3 black bears
  A necrophage (D:6)
  2 ogres
  A centaur (D:5)
  A phantom (D:5)
  A wyvern zombie (D:5)
  A bullfrog (D:6)
  2 water moccasin zombies (D:5)
  3 scorpions
  A howler monkey (D:5)
  2 jellies
  5 hounds
  Crazy Yiuf (D:2)
  2 orc priests
  A bullfrog skeleton (D:6)
  Natasha (thrice) (D:3)
  An orc wizard (D:4)
  Ijyb (D:3)
  3 iguanas
  2 hound skeletons
  4 gnolls (D:4)
  4 adders
  2 white imps (D:6)
  2 worms
  6 dart slugs
  9 orcs
  5 ball pythons
  4 bats
  3 endoplasms
  7 giant cockroaches
  3 goblins
  6 hobgoblins
  7 kobolds
  3 quokkas
  3 frilled lizards
  A quokka zombie (D:6)
  6 rats
  A rat zombie (D:6)
119 creatures vanquished.

Vanquished Creatures (others)
  A dancing weapon (D:3)
1 creature vanquished.

Grand Total: 120 creatures vanquished

Notes
Turn   | Place    | Note
-------+----------+-------------------------------------------
     0 | D:1      | horus123 the Deep Elf Conjurer began the quest for the Orb.
     0 | D:1      | Reached XP level 1. HP: 10/10 MP: 6/6
   112 | D:1      | Found a faded altar of an unknown god.
   344 | D:1      | Reached XP level 2. HP: 15/15 MP: 7/9
   465 | D:1      | Learned a level 2 spell: Searing Ray
  1390 | D:2      | Reached skill level 5 in Conjurations
  1390 | D:2      | Reached XP level 3. HP: 19/19 MP: 1/10
  1469 | D:2      | Learned a level 3 spell: Tukima's Dance
  1673 | D:2      | Found a runed translucent door.
  1674 | D:2      | Noticed Crazy Yiuf
  1683 | D:2      | Killed Crazy Yiuf
  2368 | D:3      | Noticed Natasha
  2372 | D:3      | Killed Natasha
  2373 | D:3      | Reached XP level 4. HP: 24/24 MP: 7/12
  2724 | D:3      | Reached XP level 5. HP: 28/28 MP: 11/13
  2823 | D:3      | Found a shadowy altar of Dithmenos.
  2842 | D:3      | Noticed Natasha
  2854 | D:3      | Killed Natasha
  2855 | D:3      | Reached skill level 5 in Hexes
  2942 | D:3      | Noticed Natasha
  2947 | D:3      | Killed Natasha
  3115 | D:3      | Noticed Ijyb
  3129 | D:3      | Killed Ijyb
  3130 | D:3      | Reached skill level 5 in Spellcasting
  3228 | D:3      | Learned a level 4 spell: Iskenderun's Mystic Blast
  3452 | D:4      | Noticed a water moccasin
  3457 | D:4      | Killed a water moccasin
  3458 | D:4      | Reached XP level 6. HP: 32/32 MP: 7/15
  4048 | D:4      | Learned a level 5 spell: Yara's Violent Unravelling
  4052 | D:4      | Identified the +2 scimitar of the Dragonfly {flame, rF+
                  | Dex+6}
  4406 | D:4      | Noticed a water moccasin
  4412 | D:4      | Killed a water moccasin
  4413 | D:4      | Reached XP level 7. HP: 29/36 MP: 8/16
  4686 | D:4      | Found a bloodstained altar of Trog.
  5474 | D:5      | Entered Level 5 of the Dungeon
  5601 | D:5      | Reached skill level 1 in Translocations
  5643 | D:5      | Reached XP level 8. HP: 41/41 MP: 5/17
  6143 | D:5      | Found a staircase to the Ecumenical Temple.
  6165 | D:5      | Reached skill level 5 in Translocations
  6197 | Temple   | Entered the Ecumenical Temple
  6339 | Temple   | Became a worshipper of Qazlal Stormbringer
  6431 | D:5      | Found an opulent altar of Gozag.
  7553 | D:6      | Found a shimmering blue altar of Sif Muna.
  7666 | D:6      | Reached XP level 9. HP: 45/45 MP: 17/23
  7782 | D:6      | Found a glowing golden altar of the Shining One.
  7782 | D:6      | Found an ornate altar of the Wu Jian Council.
  7783 | D:6      | Found a hide-covered altar of Uskayaw.
  7884 | D:6      | Noticed Menkaure
  7888 | D:6      | Killed Menkaure
  8507 | D:6      | Found a shimmering altar of Xom.
  8509 | D:6      | Noticed an angel
  8512 | D:6      | Found a glowing silver altar of Zin.
  8548 | D:6      | HP: 1/45 [orc priest/divine providence (15)]
  8549 | D:6      | Killed from afar by an orc priest

Illustrated notes

Levels and vault maps discovered:
D:1:      lightli_arrival_flooded_house, layout_loops_ring,
          shapermc_ecumenical_altar_ellora
D:2:      layout_loops_cross, uniq_crazy_yiuf_cottage
D:3:      layout_loops_corners, lemuel_round_altar, uniq_natasha, uniq_ijyb
D:4:      layout_loops_ring, trog_butcher_becter,
          minmay_fractal_squares_gapless_5
D:5:      layout_loops_corners, mainiacjoe_overflow_paths,
          minmay_temple_entry_slanted, grunt_ministairs_2, minmay_bent
D:6:      layout_gridville, grunt_temple_overflow_order_and_chaos_1,
          overflow_temple_1_default, gammafunk_temple_overflow_claw,
          enter_ossuary_4, uniq_menkaure
Temple:   nicolae_temple_figure_zero

Skill      XL: |  1  2  3  4  5  6  7  8  9 |
---------------+----------------------------+-----
Spellcasting   | 4 5 8 9 |  9.0
Conjurations   | 5 7 8 |  8.4
Hexes          | 3 4 6 8 9 |  9.2
Translocations | 3 5 |  5.1
Dodging        | |  2.4
Stealth        | |  2.4

Action                   |  1- 3 |  4- 6 |  7- 9 || total
-------------------------+-------+-------+-------++-------
Melee: Scimitar          |       |     8 |    45 ||    53
 Cast: Magic Dart        |    68 |    51 |    98 ||   217
       Searing Ray       |     2 |    13 |    28 ||    43
       Tukima's Dance    |       |     1 |       ||     1
       Iskenderun's Myst |       |       |     3 ||     3
  Use: Scroll            |     4 |     5 |     3 ||    12
 Stab: Sleeping          |       |       |     1 ||     1
Armor: Robe              |       |     7 |    43 ||    50
Dodge: Dodged            |     1 |    24 |    70 ||    95

Table legend: (Time is in decaauts)
 A = Elapsed time spent in this place.
 B = Non-inter-level travel time spent in this place.
 C = Inter-level travel time spent in this place.
 D = Time resting spent in this place.
 E = Time spent auto-exploring this place.
 F = Levels seen in this place.
 G = Mean time per level.
                   A        B        C        D        E       F      G
               +--------+--------+--------+--------+--------+-----+--------+
         Total |   8567 |   8443 |    124 |   2570 |   4971 |   7 | 1223.9 |
       Dungeon |   8411 |   8300 |    111 |   2570 |   4858 |   6 | 1401.8 |
        Temple |    155 |    142 |     13 |      0 |    113 |   1 |  155.0 |
               +--------+--------+--------+--------+--------+-----+--------+

Top non-repeatable levels by time:
     D:4: 2027 daAuts
     D:5: 1848 daAuts
     D:3: 1344 daAuts
     D:6: 1085 daAuts
     D:2: 1078 daAuts
     D:1: 1028 daAuts
  Temple: 155 daAuts
